TOP OF THE 1ST |
Great Lakes Loons batting - Pitching for Hagerstown Suns : RHP Jim Sanders
|
Pitching: RHP Jim Sanders
|
|
Batting: RHB Josh Crenwelge
|
0-0: Ball 1-0: Foul Ball, location: 2F 1-1: Ball 2-1: Foul Ball, location: 2F 2-2: Strikes out swinging
|
Batting: LHB Robin More
|
0-0: Swinging Strike 0-1: Ball 1-1: Swinging Strike 1-2: Ball 2-2: Foul Ball, location: 2F 2-2: Strikes out swinging
|
Batting: LHB Stephen Van Raalte
|
0-0: Ball 1-0: Ball 2-0: Swinging Strike 2-1: SINGLE (Groundball, 13S, EV 70.6 MPH) (infield hit)
|
Batting: RHB T.J. Jordan
|
0-0: SINGLE (Groundball, 6D, EV 105.0 MPH) Stephen Van Raalte to second
|
Batting: RHB Steve Clark
|
0-0: Ball 1-0: Ball 2-0: Ball 3-0: Called Strike 3-1: Foul Ball, location: 2F 3-2: SINGLE (Groundball, 6MD, EV 97.5 MPH) Stephen Van Raalte to third T.J. Jordan to second Stephen Van Raalte scores T.J. Jordan to third
|
Batting: LHB Chris Raymond
|
0-0: Called Strike Steve Clark is caught stealing 2nd base 2-6
|
Top of the 1st over - 1 run, 3 hits, 0 errors, 1 left on base; Great Lakes 1 - Hagerstown 0 |
BOTTOM OF THE 1ST |
Hagerstown Suns batting - Pitching for Great Lakes Loons : RHP Pat Matera
|
Pitching: RHP Pat Matera
|
|
Batting: RHB Bobby Bricker
|
0-0: Ball 1-0: Foul Ball, location: 2F 1-1: Called Strike 1-2: Strikes out looking
|
Batting: RHB Antonio Morado
|
0-0: Ball 1-0: Ball 2-0: SINGLE (Groundball, 56D, EV 94.4 MPH)
|
Batting: RHB Jesus Malave
|
0-0: Called Strike Antonio Morado steals 2nd base 0-1: SINGLE (Groundball, 4S, EV 68.1 MPH) (infield hit) Antonio Morado to third
|
Batting: RHB Bryan Wheeler
|
0-0: Called Strike Pickoff Throw to First - Error! E1 Antonio Morado scores Jesus Malave to second 0-1: Ball 1-1: Foul Ball, location: 2F 1-2: Foul Ball, location: 2F 1-2: Strikes out swinging
|
Batting: RHB John Savard
|
0-0: Foul Ball, location: 2F 0-1: Ball 1-1: Ball 2-1: Ball 3-1: Swinging Strike 3-2: Strikes out swinging
|
Bottom of the 1st over - 1 run, 2 hits, 1 error, 1 left on base; Great Lakes 1 - Hagerstown 1 |
TOP OF THE 2ND |
Great Lakes Loons batting - Pitching for Hagerstown Suns : RHP Jim Sanders
|
Batting: LHB Chris Raymond
|
0-0: Called Strike 0-1: SINGLE (Groundball, 56D, EV 108.1 MPH)
|
Batting: RHB Bobby Gray
|
0-0: Swinging Strike 0-1: Ball 1-1: Swinging Strike 1-2: Ball 2-2: Strikes out swinging
|
Batting: RHB Devon Fourcade
|
0-0: Ball Chris Raymond steals 2nd base 1-0: Called Strike 1-1: Ball 2-1: Swinging Strike 2-2: Foul Ball, location: 2F 2-2: Strikes out swinging
|
Batting: RHB Trevor Conklin
|
0-0: Ground out 4-3 (Groundball, 34, EV 96.9 MPH)
|
Top of the 2nd over - 0 runs, 1 hit, 0 errors, 1 left on base; Great Lakes 1 - Hagerstown 1 |
BOTTOM OF THE 2ND |
Hagerstown Suns batting - Pitching for Great Lakes Loons : RHP Pat Matera
|
Batting: RHB Tylor Cyr
|
0-0: DOUBLE (Groundball, 5L, EV 96.9 MPH)
|
Batting: RHB Leo Gutierrez
|
0-0: Ball 1-0: SINGLE (Line Drive, 8RS, EV 87.5 MPH) Tylor Cyr to third
|
Batting: LHB Bobby Adams
|
0-0: Ball 1-0: Ball 2-0: Ball 3-0: Called Strike 3-1: Foul Ball, location: 2F 3-2: DOUBLE (Line Drive, 9LS, EV 103.1 MPH) Tylor Cyr scores Leo Gutierrez to third
|
Batting: RHB Seth Rutz
|
0-0: Ball 1-0: Called Strike 1-1: Ball 2-1: Foul Ball, location: 2F 2-2: Strikes out swinging
|
Batting: RHB Bobby Bricker
|
0-0: Ball 1-0: Ball 2-0: Called Strike 2-1: Called Strike 2-2: Ground out 6-3 (Groundball, 6, EV 100.0 MPH) Leo Gutierrez scores
|
Batting: RHB Antonio Morado
|
0-0: Ball 1-0: Foul Ball, location: 2F 1-1: Ball 2-1: Ball 3-1: Fly out, F9 (Flyball, 9LM, EV 106.2 MPH)
|
Bottom of the 2nd over - 2 runs, 3 hits, 0 errors, 1 left on base; Great Lakes 1 - Hagerstown 3 |
TOP OF THE 3RD |
Great Lakes Loons batting - Pitching for Hagerstown Suns : RHP Jim Sanders
|
Batting: RHB Josh Crenwelge
|
0-0: Called Strike 0-1: Ball 1-1: Ball 2-1: Ball 3-1: Base on Balls
|
Batting: LHB Robin More
|
0-0: Ball 1-0: Ball 2-0: Foul Ball, location: 2F 2-1: Foul Ball, location: 2F 2-2: Grounds into double play, 4-6-3 (Groundball, 34, EV 76.9 MPH)
|
Batting: LHB Stephen Van Raalte
|
0-0: Called Strike 0-1: Ball 1-1: Foul Ball, location: 2F 1-2: Ball 2-2: Foul Ball, location: 2F 2-2: Foul Ball, location: 2F 2-2: Fly out, F5 (Popup, 6, EV 63.8 MPH)
|
Top of the 3rd over - 0 runs, 0 hits, 0 errors, 0 left on base; Great Lakes 1 - Hagerstown 3 |
BOTTOM OF THE 3RD |
Hagerstown Suns batting - Pitching for Great Lakes Loons : RHP Pat Matera
|
Batting: RHB Jesus Malave
|
0-0: Called Strike 0-1: Ground out 6-3 (Groundball, 6, EV 105.0 MPH)
|
Batting: RHB Bryan Wheeler
|
0-0: Ground out 6-3 (Groundball, 6, EV 89.4 MPH)
|
Batting: RHB John Savard
|
0-0: Foul Ball, location: 2F 0-1: Ball 1-1: Ground out 5-3 (Groundball, 56, EV 89.4 MPH)
|
Bottom of the 3rd over - 0 runs, 0 hits, 0 errors, 0 left on base; Great Lakes 1 - Hagerstown 3 |
TOP OF THE 4TH |
Great Lakes Loons batting - Pitching for Hagerstown Suns : RHP Jim Sanders
|
Batting: RHB T.J. Jordan
|
0-0: Swinging Strike 0-1: Swinging Strike 0-2: Ground out 5-3 (Groundball, 56, EV 98.8 MPH)
|
Batting: RHB Steve Clark
|
0-0: Swinging Strike 0-1: Called Strike 0-2: Ball 1-2: Strikes out swinging
|
Batting: LHB Chris Raymond
|
0-0: Ball 1-0: Foul Ball, location: 2F 1-1: SINGLE (Line Drive, 78S, EV 97.5 MPH)
|
Batting: RHB Bobby Gray
|
0-0: Swinging Strike 0-1: Ball 1-1: Ball 2-1: Ball 3-1: Foul Ball, location: 2F 3-2: Foul Ball, location: 2F 3-2: Base on Balls Chris Raymond to second
|
Batting: RHB Devon Fourcade
|
0-0: Foul Ball, location: 2F 0-1: Ground out U3 (Groundball, 34, EV 81.2 MPH)
|
Top of the 4th over - 0 runs, 1 hit, 0 errors, 2 left on base; Great Lakes 1 - Hagerstown 3 |
BOTTOM OF THE 4TH |
Hagerstown Suns batting - Pitching for Great Lakes Loons : RHP Pat Matera
|
Batting: RHB Tylor Cyr
|
0-0: Called Strike 0-1: Ball 1-1: Ball 2-1: Swinging Strike 2-2: Ball 3-2: Strikes out looking
|
Batting: RHB Leo Gutierrez
|
0-0: Ball 1-0: Foul Ball, location: 2F 1-1: Swinging Strike 1-2: Ball 2-2: Ball 3-2: Fly out, F8 (Flyball, 8RXD, EV 89.4 MPH)
|
Batting: LHB Bobby Adams
|
0-0: SINGLE (Groundball, 34D, EV 101.9 MPH)
|
Batting: RHB Seth Rutz
|
0-0: Called Strike 0-1: Foul Ball, location: 2F 0-2: Ball 1-2: Strikes out looking
|
Bottom of the 4th over - 0 runs, 1 hit, 0 errors, 1 left on base; Great Lakes 1 - Hagerstown 3 |
TOP OF THE 5TH |
Great Lakes Loons batting - Pitching for Hagerstown Suns : RHP Jim Sanders
|
Batting: RHB Trevor Conklin
|
0-0: Called Strike 0-1: Ball 1-1: Swinging Strike 1-2: Ball 2-2: Strikes out swinging
|
Batting: RHB Josh Crenwelge
|
0-0: Called Strike 0-1: Called Strike 0-2: Foul Ball, location: 2F 0-2: Strikes out looking
|
Batting: LHB Robin More
|
0-0: SINGLE (Groundball, 34D, EV 98.1 MPH)
|
Batting: LHB Stephen Van Raalte
|
0-0: Fly out, F7 (Flyball, 78M, EV 87.5 MPH)
|
Top of the 5th over - 0 runs, 1 hit, 0 errors, 1 left on base; Great Lakes 1 - Hagerstown 3 |
BOTTOM OF THE 5TH |
Hagerstown Suns batting - Pitching for Great Lakes Loons : RHP Pat Matera
|
Batting: RHB Bobby Bricker
|
0-0: Foul Ball, location: 2F 0-1: Swinging Strike 0-2: Ball 1-2: Ball 2-2: Ball 3-2: Foul Ball, location: 2F 3-2: Ground out U3 (Groundball, 34S, EV 90.0 MPH)
|
Batting: RHB Antonio Morado
|
0-0: Ball 1-0: Ball 2-0: Ball 3-0: Called Strike 3-1: Base on Balls
|
Batting: RHB Jesus Malave
|
0-0: Ball 1-0: Ball 2-0: Ball Antonio Morado steals 2nd base 3-0: Fly out, F7 (Flyball, 7D, EV 99.4 MPH) Runner from 2nd tags up, SAFE at 3rd, no throw by LF
|
Batting: RHB Bryan Wheeler
|
0-0: Swinging Strike 0-1: Ball 1-1: Ball 2-1: Ball 3-1: Called Strike 3-2: Base on Balls
|
Batting: RHB John Savard
|
0-0: Fielders Choice at 2nd, 5-4 (Groundball, 5L, EV 89.4 MPH)
|
Bottom of the 5th over - 0 runs, 0 hits, 0 errors, 2 left on base; Great Lakes 1 - Hagerstown 3 |
TOP OF THE 6TH |
Great Lakes Loons batting - Pitching for Hagerstown Suns : RHP Jim Sanders
|
Batting: RHB T.J. Jordan
|
0-0: Foul Ball, location: 2F 0-1: Ball 1-1: Ball 2-1: Foul Ball, location: 2F 2-2: Foul Ball, location: 2F 2-2: Fly out, F8 (Flyball, 89D, EV 91.9 MPH)
|
Pitching: RHP Brent Wainwright
|
|
Batting: RHB Steve Clark
|
0-0: Called Strike 0-1: Ball 1-1: Ball 2-1: Foul Ball, location: 2F 2-2: Ball 3-2: Foul Ball, location: 2F 3-2: Base on Balls
|
Batting: LHB Chris Raymond
|
0-0: Ball 1-0: Ball 2-0: Fielders Choice at 2nd, 5-4 (Groundball, 5L, EV 83.8 MPH)
|
Batting: RHB Bobby Gray
|
0-0: Ball Wild Pitch! Chris Raymond to second 1-0: Called Strike 1-1: Foul Ball, location: 2F 1-2: Foul Ball, location: 2F 1-2: Ball 2-2: Ball 3-2: SINGLE (Groundball, 6MD, EV 97.5 MPH) Chris Raymond to third Throwing error, E8 Chris Raymond scores Bobby Gray to second
|
Pinch Hitting: SHB Nate Kopchak
|
0-0: Swinging Strike 0-1: Swinging Strike 0-2: Foul Ball, location: 2F 0-2: Ball 1-2: Strikes out swinging
|
Top of the 6th over - 1 run, 1 hit, 1 error, 1 left on base; Great Lakes 2 - Hagerstown 3 |
BOTTOM OF THE 6TH |
Hagerstown Suns batting - Pitching for Great Lakes Loons : RHP Pat Matera
|
Now at 1B: Steve Clark
|
|
Now in LF: Nate Kopchak
|
|
Batting: RHB Tylor Cyr
|
0-0: Ball 1-0: SINGLE (Groundball, 6D, EV 98.8 MPH)
|
Batting: RHB Leo Gutierrez
|
0-0: Ball 1-0: Foul Ball, location: 2F 1-1: Ball 2-1: Fly out, F7 (Flyball, 7D, EV 87.5 MPH)
|
Batting: LHB Bobby Adams
|
0-0: Ball 1-0: Fielders Choice at 2nd, 3-6 (Groundball, 3, EV 103.8 MPH)
|
Batting: RHB Seth Rutz
|
0-0: Ball 1-0: Ball 2-0: SINGLE (Groundball, 56D, EV 106.9 MPH) Bobby Adams to second
|
Batting: RHB Bobby Bricker
|
0-0: Foul Ball, location: 2F 0-1: SINGLE (Line Drive, 6MD, EV 103.1 MPH) Bobby Adams to third Seth Rutz to second
|
Batting: RHB Antonio Morado
|
0-0: Ball 1-0: Fly out, F5 (Line Drive, 5, EV 73.1 MPH)
|
Bottom of the 6th over - 0 runs, 3 hits, 0 errors, 3 left on base; Great Lakes 2 - Hagerstown 3 |
TOP OF THE 7TH |
Great Lakes Loons batting - Pitching for Hagerstown Suns : RHP Brent Wainwright
|
Pitching: RHP Bastien Perrini
|
|
Pinch Hitting: SHB Xavier Alaniz
|
0-0: Ball 1-0: Foul Ball, location: 2F 1-1: Called Strike 1-2: Ball 2-2: Ball 3-2: Fly out, F9 (Flyball, 89S, EV 88.8 MPH)
|
Batting: RHB Josh Crenwelge
|
0-0: Ball 1-0: Foul Ball, location: 2F 1-1: SINGLE (Groundball, 6MD, EV 107.5 MPH)
|
Batting: LHB Robin More
|
0-0: Ball 1-0: Swinging Strike 1-1: Ball 2-1: Ball 3-1: Foul Ball, location: 2F 3-2: Base on Balls Josh Crenwelge to second
|
Pitching: LHP Mike Bigos
|
|
Batting: LHB Stephen Van Raalte
|
0-0: Ball Passed Ball! Josh Crenwelge to third Robin More to second 1-0: Foul Ball, location: 2F 1-1: Fly out, F3 (Line Drive, 3L, EV 66.2 MPH)
|
Batting: RHB T.J. Jordan
|
0-0: Called Strike 0-1: Swinging Strike 0-2: Foul Ball, location: 2F 0-2: Strikes out swinging
|
Top of the 7th over - 0 runs, 1 hit, 0 errors, 2 left on base; Great Lakes 2 - Hagerstown 3 |
BOTTOM OF THE 7TH |
Hagerstown Suns batting - Pitching for Great Lakes Loons : RHP Pat Matera
|
Now at SS: Brad Brady
|
|
Batting: RHB Jesus Malave
|
0-0: Ground out 4-3 (Groundball, 4, EV 110.0 MPH)
|
Batting: RHB Bryan Wheeler
|
0-0: DOUBLE (Line Drive, 5D, EV 107.5 MPH)
|
Pitching: RHP Carlos Llamas
|
|
Batting: RHB John Savard
|
0-0: Fly out, F8 (Line Drive, 89M, EV 103.8 MPH)
|
Batting: RHB Tylor Cyr
|
0-0: Ground out 5-3 (Groundball, 56, EV 102.5 MPH)
|
Bottom of the 7th over - 0 runs, 1 hit, 0 errors, 1 left on base; Great Lakes 2 - Hagerstown 3 |
TOP OF THE 8TH |
Great Lakes Loons batting - Pitching for Hagerstown Suns : LHP Mike Bigos
|
Batting: RHB Steve Clark
|
0-0: Foul Ball, location: 2F 0-1: Called Strike 0-2: Strikes out swinging
|
Batting: LHB Chris Raymond
|
0-0: Ball 1-0: SINGLE (Groundball, 5D, EV 101.2 MPH)
|
Batting: RHB Bobby Gray
|
0-0: Ball 1-0: Fielders Choice at 2nd, 1-6 (Groundball, 13, EV 76.9 MPH)
|
Batting: SHB Nate Kopchak
|
0-0: Foul Ball, location: 2F 0-1: Ball 1-1: Foul Ball, location: 2F 1-2: Foul Ball, location: 2F 1-2: Foul Ball, location: 2F 1-2: Hit by Pitch Bobby Gray to second
|
Pinch Runner at 2nd Daniel Samano:
|
|
Batting: RHB Brad Brady
|
0-0: Fielders Choice at 2nd, 6-4 (Groundball, 6, EV 100.0 MPH)
|
Top of the 8th over - 0 runs, 1 hit, 0 errors, 2 left on base; Great Lakes 2 - Hagerstown 3 |
BOTTOM OF THE 8TH |
Hagerstown Suns batting - Pitching for Great Lakes Loons : RHP Carlos Llamas
|
Now in RF: Justin Toth
|
|
Batting: RHB Leo Gutierrez
|
0-0: Fly out, F8 (Flyball, 8RS, EV 85.6 MPH)
|
Batting: LHB Bobby Adams
|
0-0: Ground out 6-3 (Groundball, 6M, EV 86.9 MPH)
|
Batting: RHB Seth Rutz
|
0-0: Ball 1-0: Ball 2-0: Called Strike 2-1: Foul Ball, location: 2F 2-2: Ball 3-2: Foul Ball, location: 2F 3-2: Foul Ball, location: 2F 3-2: Base on Balls
|
Batting: RHB Bobby Bricker
|
0-0: SINGLE (Flyball, 89S, EV 90.6 MPH) Seth Rutz to second Runner from 2nd tries for 3rd, SAFE, throw by RF made to third
|
Batting: RHB Antonio Morado
|
0-0: Called Strike 0-1: Ball 1-1: Fielders Choice at 2nd, 6-4 (Groundball, 56, EV 88.8 MPH)
|
Bottom of the 8th over - 0 runs, 1 hit, 0 errors, 2 left on base; Great Lakes 2 - Hagerstown 3 |
TOP OF THE 9TH |
Great Lakes Loons batting - Pitching for Hagerstown Suns : LHP Mike Bigos
|
Pitching: RHP Gareth Cutts
|
|
Now in LF: Elias Posada
|
|
Pinch Hitting: LHB Jose Robles
|
0-0: Called Strike 0-1: Foul Ball, location: 2F 0-2: Foul Ball, location: 2F 0-2: Ball 1-2: SINGLE (Groundball, 6MD, EV 103.1 MPH)
|
Batting: LHB Robin More
|
0-0: Ball 1-0: Swinging Strike 1-1: 2-RUN HOME RUN (Flyball, 9D, EV 95.0 MPH), Distance : 374 ft
|
Batting: LHB Stephen Van Raalte
|
0-0: Ball 1-0: Called Strike 1-1: Ball 2-1: Swinging Strike 2-2: Strikes out looking
|
Batting: RHB T.J. Jordan
|
0-0: Called Strike 0-1: Ball 1-1: Foul Ball, location: 2F 1-2: Ball 2-2: Ball 3-2: Foul Ball, location: 2F 3-2: Ground out 4-3 (Groundball, 34, EV 83.1 MPH)
|
Batting: RHB Steve Clark
|
0-0: Foul Ball, location: 2F 0-1: SINGLE (Groundball, 34D, EV 97.5 MPH)
|
Pitching: RHP Gary Simmons
|
|
Batting: LHB Chris Raymond
|
0-0: Called Strike 0-1: Foul Ball, location: 2F 0-2: Foul Ball, location: 2F 0-2: Strikes out swinging
|
Top of the 9th over - 2 runs, 3 hits, 0 errors, 1 left on base; Great Lakes 4 - Hagerstown 3 |
BOTTOM OF THE 9TH |
Hagerstown Suns batting - Pitching for Great Lakes Loons : RHP Carlos Llamas
|
Pitching: LHP William Lobo
|
|
Now at 2B: Chris Raymond
|
|
Now at 3B: Brad Brady
|
|
Now at SS: Jose Robles
|
|
Batting: RHB Jesus Malave
|
0-0: Ball 1-0: Ground out 5-3 (Groundball, 56, EV 79.4 MPH)
|
Batting: RHB Bryan Wheeler
|
0-0: Swinging Strike 0-1: Ball 1-1: Called Strike 1-2: Foul Ball, location: 2F 1-2: Ball 2-2: Ground out 1-3 (Groundball, P, EV 74.4 MPH)
|
Batting: RHB John Savard
|
0-0: Ground out 4-3 (Groundball, 34, EV 105.0 MPH)
|
Bottom of the 9th over - 0 runs, 0 hits, 0 errors, 0 left on base; Great Lakes 4 - Hagerstown 3 |
|